 Dungeon Crawl Stone Soup version 0.31-a0-167-g1c394c0614 (webtiles) character file.

Game seed: 13217301825052838837

81 qw the Shooter (level 4, -5/40 HPs)
             Began as a Naga Hunter on June 14, 2023.
             Slain by a gnoll
             ... wielding a +0 spear
              (6 damage)
             ... on level 2 of the Dungeon.
             The game lasted 00:00:28 (768 turns).

qw the Shooter (Naga Hunter)                         Turns: 768, Time: 00:00:29

Health: -5/40      AC:  3    Str: 13    XL:     4   Next: 42%
Magic:  4/4        EV:  9    Int:  9    God:
Gold:   125        SH:  0    Dex: 17    Spells: 3/3 levels left

rFire   . . .        Y - +0 shortbow
rCold   . . .        (shield currently unavailable)
rNeg    . . .        c - +0 leather armour
rPois   +            e - +0 helmet
rElec   .            (no cloak)
rCorr   .            (no gloves)
SInv    +            (no barding)
Will    .....        (no amulet)
Stlth   ++           (no ring)
HPRegen 0.26/turn    (no ring)
MPRegen 0.09/turn

%: no passive effects
@: short of breath, very slow
A: AC +1, large, see invisible, deformed body, poison resistance, slowness 2,
spit poison 1, naga tail 1
a: Spit Poison


You were on level 2 of the Dungeon.
You visited 1 branch of the dungeon, and saw 2 of its levels.

You collected 125 gold pieces.


Innate Abilities, Weirdness & Mutations

Your serpentine skin is tough. (AC +1)
You have supernaturally acute eyesight. (SInv)
Armour fits poorly on your strangely shaped body.
Your system is resistant to poisons. (rPois)
You cover ground very slowly.
You can spit poison.
You have a snake-like lower body.


   Skills:
 + Level 2.3 Fighting
 - Level 5.1 Ranged Weapons
 - Level 1.5 Dodging
 - Level 1.5 Stealth


You had 3 spell levels left.
You didn't know any spells.
Your spell library was empty.

Inventory:

Hand Weapons
 Y - a +0 shortbow (weapon)
Armour
 c - a +0 leather armour (worn)
 e - a +0 helmet (worn)
Scrolls
 b - a scroll of enchant weapon {unknown}
 f - a scroll of identify
Potions
 a - 2 potions of might {unknown}
 d - a potion of magic {unknown}
 g - a potion of resistance {unknown}
 j - a potion of attraction {unknown}

Dungeon Overview and Level Annotations

Branches:
Dungeon (2/15)

Altars:

Annotations:
D:2 exclusion: gnoll


Message History

You kill the gnoll!
You shoot an arrow.
The arrow hits the gnoll but does no damage.
The gnoll hits you from afar with a +0 spear!
You shoot an arrow. The arrow closely misses the gnoll.
The gnoll hits you from afar with a +0 spear!
The gnoll hits you from afar with a +0 spear.
Enter note:
Enter note:
759 ||| UPGRADING to +0 helmet.
The gnoll hits you from afar with a +0 spear!
Keep equipping yourself?
You start putting on your armour.
You continue putting on your +0 helmet.
The gnoll hits you from afar with a +0 spear.
You continue putting on your +0 helmet.
You have got your breath back.
The gnoll barely misses you.
You continue putting on your +0 helmet.
The gnoll hits you from afar with a +0 spear.
You continue putting on your +0 helmet.
The gnoll barely misses you.
You finish putting on your +0 helmet.
Enter note:
Enter note:
Enter note:
Enter note:
Enter note:
Enter note:
766 ||| INVOKING Spit Poison.
Aiming: Spit Poison (1% risk of failure)
Press: ? - help, Shift-Dir - straight line, f/p - gnoll The splash of poison hits the gnoll but does no damage.
The gnoll barely misses you.
You shoot an arrow. The arrow hits the gnoll.
The gnoll is heavily wounded.
The gnoll hits you from afar with a +0 spear.
The gnoll barely misses you.
You shoot an arrow. The arrow closely misses the gnoll.
The gnoll hits you from afar with a +0 spear.
You die...

.g #.# ### Sw ...
.. #.# #g #.# #.
#.# #)###@#
#wSg.%# ####..#
#####..##########
#................
#.#####..########
#..# #..## ##..#


You could see a gnoll, a dart slug and a ball python.

Vanquished Creatures
  Robin (D:2)
  A gnoll (D:2)
  A worm (D:2)
  A dart slug (D:1)
  A bat (D:1)
  3 endoplasms
  3 giant cockroaches
  10 goblins
  5 hobgoblins
  8 jackals (D:1)
  3 ball pythons (D:1)
  2 frilled lizards (D:1)
  6 kobolds
  5 rats
50 creatures vanquished.

Notes
Turn   | Place    | Note
-------+----------+-------------------------------------------
     0 | D:1      | qw the Naga Hunter began the quest for the Orb.
     0 | D:1      | Reached XP level 1. HP: 19/19 MP: 1/1
     0 | D:1      | 0 ||| qw: Version: 0.2-a-29-g1fa15c8
     0 | D:1      | 0 ||| qw: Game counter: 4880
     0 | D:1      | 0 ||| qw: Always use a shield: true
     0 | D:1      | 0 ||| qw: God list: Okawaru
     0 | D:1      | 0 ||| qw: Allow faded altars: false
     0 | D:1      | 0 ||| qw: Do Orc after D:15 true
     0 | D:1      | 0 ||| qw: Do second Lair branch before Depths: true
     0 | D:1      | 0 ||| qw: Lair rune preference: random
     0 | D:1      | 0 ||| qw: Plans: Normal
     0 | D:1      | 0 ||| PLANNING D:1-11
    20 | D:1      | 20 ||| INVOKING Spit Poison.
    31 | D:1      | 31 ||| INVOKING Spit Poison.
    32 | D:1      | 32 ||| INVOKING Spit Poison.
    37 | D:1      | 37 ||| INVOKING Spit Poison.
    41 | D:1      | 41 ||| INVOKING Spit Poison.
    70 | D:1      | 70 ||| INVOKING Spit Poison.
    73 | D:1      | 73 ||| INVOKING Spit Poison.
    74 | D:1      | Reached skill level 4 in Ranged Weapons
    74 | D:1      | Reached XP level 2. HP: 22/26 MP: 2/2
   105 | D:1      | 105 ||| INVOKING Spit Poison.
   119 | D:1      | 119 ||| INVOKING Spit Poison.
   124 | D:1      | 124 ||| INVOKING Spit Poison.
   155 | D:1      | 155 ||| INVOKING Spit Poison.
   158 | D:1      | 158 ||| INVOKING Spit Poison.
   254 | D:1      | 254 ||| INVOKING Spit Poison.
   259 | D:1      | 259 ||| INVOKING Spit Poison.
   264 | D:1      | 264 ||| INVOKING Spit Poison.
   266 | D:1      | Reached XP level 3. HP: 31/32 MP: 3/3
   269 | D:1      | 269 ||| INVOKING Spit Poison.
   291 | D:1      | 291 ||| INVOKING Spit Poison.
   294 | D:1      | 294 ||| INVOKING Spit Poison.
   299 | D:1      | 299 ||| INVOKING Spit Poison.
   337 | D:1      | 337 ||| INVOKING Spit Poison.
   424 | D:1      | 424 ||| INVOKING Spit Poison.
   476 | D:1      | 476 ||| DROPPING ring of wizardry.
   477 | D:1      | 477 ||| READING scroll labelled JASOEHILOPP.
   478 | D:1      | 478 ||| READING 2 scrolls labelled NUTURA RAAG.
   479 | D:1      | 479 ||| READING scroll labelled GESUNOIMAR.
   480 | D:1      | 480 ||| DROPPING scroll of butterflies.
   492 | D:2      | 492 ||| INVOKING Spit Poison.
   515 | D:2      | 515 ||| INVOKING Spit Poison.
   595 | D:2      | 595 ||| INVOKING Spit Poison.
   599 | D:2      | 599 ||| INVOKING Spit Poison.
   599 | D:2      | Noticed Robin
   604 | D:2      | 604 ||| Stepping ~*~*~tactically~*~*~ (outnumbered).
   605 | D:2      | 605 ||| INVOKING Spit Poison.
   608 | D:2      | 608 ||| INVOKING Spit Poison.
   609 | D:2      | 609 ||| INVOKING Spit Poison.
   613 | D:2      | Killed Robin
   614 | D:2      | Reached skill level 5 in Ranged Weapons
   614 | D:2      | Reached XP level 4. HP: 15/39 MP: 4/4
   615 | D:2      | 615 ||| INVOKING Spit Poison.
   619 | D:2      | 619 ||| INVOKING Spit Poison.
   749 | D:2      | 749 ||| Stepping ~*~*~tactically~*~*~ (outnumbered).
   751 | D:2      | 751 ||| Stepping ~*~*~tactically~*~*~ (outnumbered).
   752 | D:2      | 752 ||| INVOKING Spit Poison.
   755 | D:2      | 755 ||| INVOKING Spit Poison.
   756 | D:2      | 756 ||| INVOKING Spit Poison.
   759 | D:2      | 759 ||| UPGRADING to +0 helmet.
   759 | D:2      | HP: 8/40 [gnoll/+0 spear (7)]
   762 | D:2      | HP: 3/40 [gnoll/+0 spear (4)]
   766 | D:2      | 766 ||| INVOKING Spit Poison.
   767 | D:2      | HP: 1/40 [gnoll/+0 spear (4)]
   768 | D:2      | Slain by a gnoll

Levels and vault maps discovered:
D:1:      lightli_arrival_noodles, layout_rooms, hex_large, serial_park_tiny_2,
          minmay_shallow_snake_nest
D:2:      layout_rooms, grunt_ministairs_4, uniq_terence,
          uniq_crazy_yiuf_cottage, uniq_robin

Skill      XL: |  1  2  3 |
---------------+----------+-----
Ranged Weapons | 4 5 |  5.1
Fighting       | |  2.3
Dodging        | |  1.5
Stealth        | |  1.5

Action                     |  1- 3 |  4- 6 || total
---------------------------+-------+-------++-------
   Fire: Shortbow          |    67 |    12 ||    79
Ability: Spit Poison       |    26 |     5 ||    31
    Use: Scroll            |     3 |       ||     3
 Armour: Leather armour    |     2 |     1 ||     3
  Dodge: Dodged            |    11 |     6 ||    17

Table legend:
 A = Non-vault XP
 B = Vault XP
 C = Vault XP percentage of total XP
 D = Non-vault monster count
 E = Vault monster count
 F = Vault count percentage of total count
                 A         B        C        D         E       F
            +---------+---------+-------+---------+---------+-------
      Total |      84 |      33 |  28.2 |      40 |      10 |  20.0
            +---------+---------+-------+---------+---------+-------
        D:1 |      51 |       3 |   5.6 |      29 |       2 |   6.5
        D:2 |      33 |      30 |  47.6 |      11 |       8 |  42.1
            +---------+---------+-------+---------+---------+-------
